Map: Efflorescence LE

Players

slazy - Winner!

  • Race: Terran Terran
  • League: Platinum
  • Spawn Location: 6:00

faucheur - Winner!

  • Race: Protoss Protoss
  • League: Platinum
  • Spawn Location: 9:00

Nyck

  • Race: Terran Terran
  • Spawn Location: 3:00

Ekelpack

  • Race: Zerg Zerg
  • Spawn Location: 12:00

VOD

Have the link to the VOD?

Description

Time

  • Played on: Nov. 16, 2020, 1:08 p.m.
  • Length: 17:17
Show
View Real Time Build Order
Export as new Build Order

slazy Terran - Winner!

Build Orders: Reaper Expand 

Get SALT Encoding   

  12  0:00  SCV  
  13  0:12  SCV  
  14  0:19  Supply Depot  
  14  0:24  SCV  
  15  0:41  SCV  
  15  0:42  Barracks  
  16  0:53  SCV  
  16  0:54  Refinery  
  17  1:05  SCV  
  18  1:17  SCV  
  19  1:44  Orbital Command  
  19  1:46  Command Center  
  19  1:53  Reaper  
  20  2:11  SCV  
  21  2:23  SCV  
  21  2:28  Barracks Reactor  
  21  2:29  Barracks Tech Lab  
  22  2:34  Factory  
  22  2:35  SCV  
  23  2:44  Refinery  
  23  2:58  SCV  
  24  2:59  Supply Depot  
  24  3:00  Orbital Command  
  24  3:20  Barracks  
  24  3:30  SCV  
  24  3:34  SCV  
  24  3:37  Barracks  
  25  3:41  Barracks Reactor  
  25  3:42  SCV  
  25  3:43  Siege Tank  
  25  3:46  SCV  
  30  3:54  SCV  
  31  3:56  Barracks  
  31  3:58  SCV  
  32  4:06  SCV  
  32  4:09  Barracks  
  33  4:11  SCV  
  34  4:18  SCV  
  34  4:21  Marine x2, Barracks Reactor  
  34  4:22  Siege Tank  
  34  4:23  SCV  
  41  4:26  Barracks Reactor  
  41  4:27  Refinery, Bunker  
  41  4:30  SCV  
  42  4:35  SCV  
  42  4:36  Supply Depot  
  43  4:42  SCV  
  43  4:45  Marine x2  
  46  4:46  Barracks Tech Lab  
  46  4:53  Starport  
  46  4:58  SCV x2  
  46  4:59  Barracks  
  48  5:07  Supply Depot  
  48  5:08  Refinery  
  48  5:10  Supply Depot, SCV x2  
  50  5:15  Siege Tank  
  50  5:17  Barracks Reactor  
  54  5:28  SCV  
  54  5:29  SCV  
  54  5:30  Starport Reactor  
  55  5:37  Supply Depot  
  55  5:38  Supply Depot  
  55  5:40  Marine x2  
  55  5:41  Marine x3  
  60  5:43  Marine  
  60  5:47  Marauder  
  63  6:00  Supply Depot  
  63  6:04  Marine x4  
  63  6:05  Marine x2  
  72  6:11  Siege Tank  
  72  6:14  Stimpack  
  66  6:22  Marine  
  65  6:28  SCV x2  
  65  6:31  Marine x6  
  65  6:32  Marine  
  74  6:35  Marine x2  
  76  6:40  SCV x2, Marine  
  73  6:52  SCV  
  74  7:01  Medivac  
  74  7:02  Medivac  
  74  7:06  Siege Tank  
  81  7:10  Barracks Tech Lab  
  81  7:13  SCV  
  81  7:14  SCV  
  81  7:18  Command Center  
  81  7:20  Marine x5  
  86  7:31  Medivac x2  
  90  7:38  Combat Shield  
  90  7:45  SCV x2  
  92  7:57  SCV  
  92  7:58  SCV  
  94  8:01  Medivac x2  
  98  8:09  Barracks Reactor  
  98  8:12  Engineering Bay  
  95  8:23  Siege Tank  
  95  8:25  Command Center  
  98  8:28  Marine x4  
  98  8:30  Marine x4  
  98  8:31  Medivac x2  
  110  8:43  Orbital Command  
  110  8:45  Marine  
  110  8:46  Marine x3  
  110  8:48  Marine  
  114  8:54  Terran Infantry Weapons Level 1  
  117  8:55  Siege Tank  
  117  9:10  SCV x2  
  117  9:16  Command Center  
  119  9:17  Marine x3  
  119  9:18  Marine x7  
  119  9:21  SCV  
  119  9:22  SCV x2  
  132  9:35  Marine  
  133  9:40  Viking x2  
  133  9:41  Supply Depot  
  133  9:43  Supply Depot  
  137  9:45  Supply Depot  
  134  10:02  SCV x3  
  134  10:03  Orbital Command  
  137  10:11  Missile Turret  
  138  10:14  SCV x2  
  138  10:20  Marine  
  138  10:21  Marine x9  
  149  10:32  SCV  
  149  10:33  SCV x2  
  149  10:34  Missile Turret  
  152  10:38  Supply Depot, Marine x2  
  152  10:56  Refinery  
  150  11:11  Marine, Marauder x2  
  154  11:12  Marine  
  154  11:15  Siege Tank  
  154  11:16  Medivac x2  
  147  11:32  Marauder  
  149  11:54  Marine x5  
  144  12:10  Marine x2  
  144  12:11  Marine x4  
  144  12:15  SCV x3  
  133  12:16  SCV  
  133  12:22  Barracks x2  
  131  12:23  Barracks  
  131  12:24  Barracks  
  131  12:27  SCV, Viking x2  
  131  12:28  SCV  
  116  12:48  Siege Tank  
  119  12:54  Marine  
  119  12:55  Marine x9  
  119  12:57  Viking x2  
  133  12:59  Starport  
  133  13:02  Starport  
  133  13:12  Marine  
  134  13:13  Marine  
  134  13:16  Marine x6  
  141  13:20  Siege Tank, Barracks Reactor x2  
  144  13:27  Viking x2, Barracks Reactor  
  148  13:48  Starport Reactor  
  148  13:53  Siege Tank  
  151  13:57  Starport Reactor, Viking x2  
  155  14:25  Siege Tank  
  148  14:55  Viking x6  
  160  15:01  Marine  
  160  15:02  Marine x13  
  174  15:19  Marine  
  174  15:20  Marine x2  
  177  15:25  Viking x3  
  183  15:40  Command Center  
  183  15:44  Medivac x3  
  183  15:46  Command Center  
  189  15:54  Medivac  
  189  15:55  Medivac x2  
  195  16:14  Medivac x2  
Show
View Real Time Build Order
Export as new Build Order

faucheur Protoss - Winner!

Build Orders:  

Get SALT Encoding   

  12  0:00  Probe  
  13  0:12  Probe  
  14  0:24  Pylon  
  14  0:25  Probe  
  15  0:34  Assimilator  
  15  0:46  Gateway, Probe (Chrono Boost)  
  17  0:58  Probe (Chrono Boost)  
  17  1:04  Probe (Chrono Boost)  
  17  1:09  Pylon  
  18  1:12  Probe  
  18  1:15  Assimilator  
  19  1:35  Gateway  
  19  1:38  Cybernetics Core  
  19  1:49  Forge  
  19  1:51  Probe (Chrono Boost)  
  21  2:02  Probe (Chrono Boost)  
  21  2:05  Zealot (Chrono Boost)  
  21  2:07  Probe (Chrono Boost)  
  24  2:22  Warp Gate (Chrono Boost)  
  24  2:29  Zealot  
  26  2:35  Twilight Council  
  26  2:38  Protoss Ground Weapons Level 1  
  26  2:40  Zealot  
  28  2:56  Gateway  
  28  3:07  Zealot  
  30  3:17  Charge (Chrono Boost)  
  30  3:18  Pylon  
  30  3:36  Zealot x2  
  30  3:39  Pylon  
  34  3:45  Photon Cannon  
  34  4:08  Probe  
  35  4:11  Zealot  
  35  4:12  Zealot x2  
  41  4:25  Pylon  
  41  4:35  Zealot x2  
  45  4:49  Protoss Ground Armor Level 1 (Chrono Boost)  
  45  5:03  Nexus  
  45  5:11  Zealot  
  47  5:24  Pylon  
  47  5:29  Photon Cannon  
  47  5:38  Robotics Facility  
  46  5:51  Photon Cannon  
  46  6:10  Photon Cannon x2  
  46  6:17  Pylon  
  46  6:21  Probe  
  47  6:38  Photon Cannon  
  47  6:42  Photon Cannon  
  47  6:43  Probe  
  48  7:04  Stalker  
  48  7:05  Stalker x2  
  54  7:15  Blink (Chrono Boost)  
  55  7:23  Probe x2  
  55  7:24  Observer (Chrono Boost)  
  57  7:35  Probe x2  
  59  7:37  Pylon  
  59  7:47  Probe x2  
  59  7:50  Assimilator  
  61  7:59  Probe  
  61  8:00  Probe  
  61  8:03  Stalker x2  
  67  8:11  Probe  
  67  8:12  Photon Cannon  
  68  8:20  Stalker  
  70  8:34  Stargate  
  70  8:35  Probe (Chrono Boost)  
  70  8:40  Stalker, Probe (Chrono Boost)  
  74  8:45  Probe (Chrono Boost)  
  76  8:49  Probe (Chrono Boost)  
  76  9:02  Stargate x2  
  76  9:09  Stalker  
  78  9:13  Protoss Ground Armor Level 2 (Chrono Boost)  
  78  9:17  Photon Cannon  
  78  9:20  Shield Battery  
  78  9:47  Pylon  
  78  9:57  Nexus  
  78  10:01  Pylon  
  78  10:04  Stalker x3  
  84  10:15  Shield Battery  
  84  10:22  Shield Battery  
  84  10:25  Photon Cannon  
  84  10:26  Probe x2  
  86  10:30  Phoenix x2  
  90  10:38  Probe  
  91  11:08  Probe x2  
  93  11:12  Probe  
  93  11:16  Warp Prism  
  96  11:20  Probe  
  96  11:21  Probe  
  96  11:24  Probe  
  95  12:05  Stalker x3  
  76  12:58  Stalker x3  
  78  13:04  Gateway  
  76  13:05  Gateway  
  76  13:08  Gateway  
  76  13:15  Gateway  
  76  13:16  Gateway  
  76  13:19  Gateway  
  72  13:47  Probe  
  72  13:48  Probe x2  
  55  14:03  Nexus  
  55  14:07  Phoenix (Chrono Boost), Pylon  
  55  14:08  Phoenix x2 (Chrono Boost)  
  55  14:09  Pylon  
  61  14:11  Pylon  
  61  14:15  Immortal  
  65  14:23  Stalker x4  
  65  14:24  Stalker x3, Phoenix x3 (Chrono Boost)  
  81  14:42  Phoenix x3 (Chrono Boost)  
  87  14:58  Photon Cannon  
  87  15:00  Photon Cannon  
  87  15:02  Shield Battery, Phoenix x3  
  87  15:04  Stalker x2, Shield Battery  
  87  15:05  Stalker  
  99  15:11  Assimilator  
  99  15:14  Assimilator  
  99  15:19  Probe (Chrono Boost)  
  100  15:25  Assimilator  
  100  15:26  Zealot x3  
  100  15:27  Assimilator, Zealot x3, Phoenix x3  
  100  15:28  Zealot x3  
  123  15:29  Probe (Chrono Boost)  
  123  15:34  Probe (Chrono Boost)  
  126  15:45  Probe  
  126  15:49  Zealot  
  129  15:50  Zealot x4  
  129  15:51  Zealot x2  
  129  15:52  Zealot x2, Phoenix x2  
  149  16:28  Zealot x3  
  155  16:35  Pylon  
  155  16:37  Pylon  
  155  16:39  Pylon  
  155  16:41  Pylon  
Show
View Real Time Build Order
Export as new Build Order

Nyck Terran 

Build Orders: Command Center First 

Get SALT Encoding   

  12  0:00  SCV  
  13  0:14  Supply Depot  
  13  0:19  SCV  
  14  0:31  SCV  
  15  0:43  SCV  
  16  1:00  Command Center  
  16  1:06  SCV  
  17  1:15  Barracks  
  17  1:24  SCV  
  18  1:39  Refinery  
  18  1:40  SCV, Refinery  
  19  2:02  Orbital Command  
  19  2:12  Barracks  
  19  2:13  Barracks  
  19  2:25  Orbital Command  
  19  2:32  SCV  
  19  2:35  Barracks Tech Lab  
  20  2:48  SCV  
  21  2:54  Concussive Shells  
  21  2:56  Marauder  
  23  3:00  SCV  
  23  3:01  SCV  
  25  3:12  Barracks Tech Lab x2  
  24  3:16  SCV  
  24  3:28  SCV  
  25  3:35  Marauder x2  
  25  3:40  SCV  
  30  3:44  Refinery  
  30  3:46  Refinery  
  30  3:48  Marauder  
  32  3:52  SCV  
  32  3:53  Stimpack  
  32  3:54  Combat Shield  
  33  3:59  Supply Depot  
  33  4:05  Engineering Bay  
  33  4:08  SCV  
  34  4:12  SCV  
  35  4:18  Marauder  
  35  4:20  SCV  
  35  4:23  Marauder  
  40  4:24  SCV  
  40  4:30  Supply Depot  
  41  4:32  SCV  
  42  4:39  Terran Infantry Weapons Level 1  
  42  4:44  SCV  
  43  4:49  Marauder  
  43  4:52  Marauder x2  
  49  4:53  Supply Depot  
  49  4:59  Missile Turret  
  49  5:03  Missile Turret  
  49  5:05  SCV  
  49  5:06  SCV  
  51  5:17  SCV  
  52  5:27  Marine x3  
  55  5:29  SCV  
  55  5:31  Factory  
  55  5:35  SCV  
  57  5:47  SCV  
  58  5:53  Marine  
  58  5:54  Marine x2  
  61  6:12  SCV  
  62  6:38  SCV  
  59  6:41  Command Center  
  50  6:57  Command Center  
  42  7:03  Marauder x3  
  48  7:16  Bunker  
  48  7:19  Bunker  
  48  7:20  Bunker  
  48  7:21  Factory Tech Lab  
  48  7:24  Marauder x3  
  54  7:43  Neosteel Armor  
  54  7:46  Marauder x3  
  54  7:50  Bunker  
  60  7:55  Missile Turret  
  60  7:56  Missile Turret  
  60  8:02  Siege Tank  
  63  8:09  Missile Turret  
  63  8:11  Planetary Fortress  
  63  8:14  Missile Turret  
  63  8:19  Missile Turret  
  63  8:25  Planetary Fortress  
  63  8:31  Missile Turret  
  63  8:32  Marauder x3  
  63  8:34  Siege Tank  
  72  8:36  Missile Turret  
  72  8:47  Supply Depot  
  72  8:50  SCV  
  73  8:57  Missile Turret  
  73  9:03  SCV  
  73  9:06  Siege Tank  
  73  9:09  Supply Depot  
  77  9:15  SCV x2  
  79  9:18  Missile Turret  
  79  9:23  Missile Turret  
  79  9:27  SCV  
  79  9:28  SCV, Terran Infantry Armor Level 1  
  79  9:30  Marauder x3  
  87  9:32  Supply Depot  
  87  9:38  Siege Tank, Starport  
  90  9:39  SCV  
  90  9:40  SCV  
  90  9:41  Missile Turret  
  92  9:52  SCV, Refinery  
  93  9:53  Refinery  
  93  9:57  Armory  
  93  9:59  Refinery  
  93  10:02  Refinery, Missile Turret  
  93  10:04  SCV  
  94  10:10  Siege Tank  
  97  10:16  SCV, Starport  
  98  10:23  Missile Turret  
  98  10:25  Reaper x3  
  98  10:28  SCV  
  102  10:40  SCV, Medivac  
  105  10:43  Missile Turret  
  105  10:52  SCV  
  105  10:54  Factory  
  106  10:57  Reaper x3  
  110  11:04  SCV  
  110  11:16  SCV  
  111  11:28  SCV  
  112  11:33  SCV  
  112  11:39  Marauder  
  115  11:40  SCV  
  116  11:47  SCV, Marauder  
  116  11:52  SCV  
  107  11:59  SCV  
  105  12:04  SCV  
  103  12:11  SCV  
  77  12:16  SCV  
  72  12:23  SCV  
  67  12:43  Marine x3  
  66  12:50  Viking  
  52  13:36  SCV  
  52  13:48  SCV  
  53  13:59  Marauder x3  
  53  14:00  SCV  
  60  14:13  SCV  
  60  14:15  Barracks  
  61  14:25  SCV  
  62  14:37  SCV  
  63  14:52  Marauder x3  
  69  15:03  Barracks  
  69  15:05  Medivac  
  71  15:12  Siege Tank  
  71  15:13  Marauder x2  
  78  15:22  Supply Depot  
  78  15:37  Supply Depot  
  78  15:43  SCV  
  78  15:44  Marauder  
  78  15:45  Supply Depot  
  81  15:52  Barracks  
  81  16:00  Supply Depot  
  81  16:22  Supply Depot  
  81  16:28  Marine x2  
  81  16:29  Marine x3  
  86  16:41  Barracks  
  86  16:44  Supply Depot  
  85  16:50  Barracks Reactor x3  
  85  16:57  Engineering Bay  
  80  17:01  Engineering Bay  
  80  17:07  Supply Depot  
Show
View Real Time Build Order
Export as new Build Order

Ekelpack Zerg 

Build Orders: Hatch First, Brood Lord Corruptor 

Get SALT Encoding   

  12  0:01  Drone  
  13  0:13  Overlord  
  13  0:18  Drone  
  14  0:33  Drone  
  15  0:49  Hatchery  
  14  0:50  Drone  
  14  0:54  Drone  
  16  0:58  Drone  
  17  1:13  Spawning Pool  
  17  1:16  Drone  
  17  1:20  Drone  
  17  1:24  Extractor  
  17  1:28  Overlord  
  17  1:35  Drone  
  18  1:45  Drone  
  19  2:00  Queen x2  
  23  2:05  Drone  
  23  2:08  Drone  
  25  2:17  Drone  
  25  2:21  Drone  
  27  2:25  Drone  
  27  2:28  Drone  
  29  2:32  Drone, Extractor  
  30  2:44  Drone, Lair  
  30  2:47  Drone  
  30  2:50  Drone, Extractor  
  31  2:52  Drone  
  31  2:56  Overlord  
  32  3:06  Drone  
  32  3:08  Drone  
  32  3:12  Drone x2  
  36  3:14  Drone  
  36  3:15  Drone x2  
  39  3:21  Drone  
  39  3:24  Extractor  
  39  3:26  Drone  
  40  3:30  Drone  
  40  3:31  Drone  
  40  3:33  Overlord  
  42  3:44  Drone x2  
  42  3:45  Spire  
  42  3:46  Drone  
  44  3:51  Drone x2  
  44  3:52  Drone  
  44  3:53  Drone  
  48  3:58  Overlord  
  48  4:01  Metabolic Boost  
  48  4:10  Zergling x4  
  48  4:14  Zergling x2  
  48  4:15  Zergling x2  
  48  4:16  Overlord  
  52  4:22  Zergling x2  
  52  4:23  Zergling x2  
  54  4:24  Overlord  
  54  4:36  Queen  
  56  4:38  Overlord  
  56  4:56  Mutalisk x5  
  56  4:57  Mutalisk x3  
  72  5:02  Zerg Flyer Weapons Level 1  
  72  5:20  Zergling x6, Overlord  
  75  5:21  Zergling x4  
  75  5:27  Hatchery  
  76  5:33  Infestation Pit  
  75  5:37  Overlord  
  75  6:01  Mutalisk x4  
  75  6:02  Mutalisk  
  85  6:06  Zergling x8  
  89  6:29  Drone x3  
  89  6:30  Drone x2  
  90  6:58  Zerg Flyer Weapons Level 2  
  90  6:59  Drone x3  
  93  7:04  Extractor  
  93  7:06  Extractor  
  93  7:07  Drone x2  
  93  7:08  Drone x3, Overlord x2  
  96  7:09  Overlord  
  96  7:10  Hive  
  89  7:30  Drone x4  
  89  7:36  Zergling x8  
  89  7:37  Zergling x4  
  98  8:09  Zergling x2  
  98  8:10  Zergling x12, Overlord  
  98  8:11  Zergling x2, Overlord  
  106  8:18  Overlord  
  106  8:19  Overlord  
  106  8:35  Overlord x3  
  106  8:41  Hatchery  
  105  8:49  Corruptor x3  
  105  8:55  Overlord  
  111  9:09  Corruptor x2  
  111  9:16  Greater Spire  
  115  9:18  Mutalisk x2  
  115  9:20  Extractor  
  118  9:24  Extractor  
  117  9:43  Corruptor x2  
  119  9:58  Queen  
  121  10:14  Adrenal Glands  
  121  10:16  Corruptor x3  
  121  10:17  Corruptor x6  
  139  10:25  Corruptor x2  
  139  10:26  Corruptor x2  
  139  10:28  Corruptor x3  
  153  10:38  Drone  
  153  10:39  Drone  
  96  11:08  Overlord x3  
  96  11:09  Overlord x3  
  96  11:10  Overlord  
  78  11:31  Brood Lord x4  
  78  11:32  Brood Lord x4  
  92  11:55  Hatchery  
  75  12:58  Overlord x2  
  75  13:06  Drone  
  75  13:07  Overlord  
  75  13:09  Drone  
  75  13:10  Drone x2  
  68  14:26  Corruptor x5  
  68  14:27  Corruptor x4  
  86  14:36  Zergling x10  
  86  14:37  Zergling x6  
  94  14:51  Overlord x2  
  94  14:57  Hatchery  
  91  15:45  Corruptor x6  
  102  16:23  Overlord x2  
  94  16:48  Corruptor x5  
Tags
 
Add a new tag
Caveats
  • Supply blocks, unpowered buildings, or Contaminate may cause inaccurate times.
  • Supply counts are checked every 10 seconds.